 Dungeon Crawl Stone Soup version 0.31.0-11-ge490571c62 (webtiles) character file.

Game seed: 12200377808741379262

207 oldmanjim the Trooper (level 6, 0/47 HPs)
             Began as a Djinni Monk on Jan 27, 2024.
             Killed by divine providence
             ... invoked by an orc priest
              (12 damage)
             ... on level 3 of the Dungeon.
             The game lasted 00:16:11 (2365 turns).

oldmanjim the Trooper (Djinni Monk)                 Turns: 2365, Time: 00:16:11

Health: 0/47       AC:  3    Str: 16    XL:     6   Next: 11%
Gold:   43         EV: 13    Int: 13    God:
                   SH:  0    Dex: 16

rFire   + + .        b - +4 dagger
rCold   x . .        d - orb {light}
rNeg    . . .        e - +0 robe {Will+}
rPois   ∞            (no helmet)
rElec   .            r - +0 cloak
rCorr   .            (no gloves)
SInv    .            (boots unavailable)
Will    +....        (no amulet)
Stlth   +            n - +6 ring of strength
HPRegen 0.27/turn    (no ring)
MPRegen 0.00/turn

%: infuse magic (-1 HP)
@: flying, glowing
A: sickness immunity, fire resistance 2, cold vulnerability 1, float, innate
caster, HP casting, extra vitality 1
a: no special abilities


You were on level 3 of the Dungeon.
You visited 1 branch of the dungeon, and saw 3 of its levels.

You collected 113 gold pieces.
You spent 70 gold pieces at shops.

Inventory:

Hand Weapons
 a - a +0 falchion
 b - a +4 dagger (weapon)
Missiles
 g - 26 stones (quivered)
 o - 4 atropa-tipped darts
Armour
 d - an orb of light (worn)
 e - a +0 robe of willpower (worn)
 r - a +0 cloak (worn)
Jewellery
 n - a +6 ring of strength (left hand)
Wands
 k - a wand of paralysis (8)
Scrolls
 f - 2 scrolls of identify {unknown}
 h - a scroll of amnesia {unknown}
 i - a scroll of vulnerability {unknown}
 j - a scroll of immolation {unknown}
 l - a scroll of noise {unknown}
 m - a scroll of fear {unknown}
 p - a scroll of acquirement {unknown}
 q - a scroll of teleportation {unknown}
 t - a scroll of enchant weapon {unknown}
Potions
 c - 2 potions of ambrosia
 s - a potion of brilliance {unknown}


   Skills:
 + Level 4.2 Fighting
 + Level 2.0(2.8) Short Blades
 - Level 3.0(3.3) Long Blades
 - Level 4.0 Dodging
 + Level 1.9 Spellcasting
 + Level 1.9 Conjurations
 + Level 1.9 Hexes
   Level 0.0 Charms
 + Level 1.9 Summonings
 + Level 1.9 Necromancy
 + Level 1.9 Translocations
   Level 0.0 Transmutations
 + Level 1.9 Fire Magic
 + Level 1.9 Ice Magic
 + Level 1.9 Air Magic
 + Level 1.9 Earth Magic
 + Level 1.9 Alchemy


You knew the following spells:

 Your Spells              Type           Power      Damage    Failure   Level
a - Sting                 Conj/Alch      24%        1d4       12%         1
b - Jinxbite              Hex            12%        N/A       19%         2
Your spell library was empty.

Dungeon Overview and Level Annotations

Branches:
Dungeon (3/15)

Altars:

Shops:
D:1 !


Innate Abilities, Weirdness & Mutations

You are immune to sickness and miasma.
You are immune to poison.
Your flesh is very heat resistant. (rF++)
You are vulnerable to cold. (rC-)
You float through the air rather than walking.
You learn spells naturally, not from books.
Your magical power is your life essence.
You have superior vitality. (+4 MHP)


Message History

You kill the orc wizard!
Your Short Blades skill increases to level 2!
You have reached level 6!
A kobold comes into view. It is wielding a +0 dagger.
The kobold shouts!
Casting: Sting (safe; 12% risk of failure)
Confirm with . or Enter, or press ? or * to list all spells.
Aiming: Sting (safe; 12% risk of failure)
Press: ? - help, Shift-Dir - straight line, f - orc priest
Aim: an orc priest, wielding a +0 dagger and wearing a +0 leather armour (haloed, 79% to hit)
The sting hits the orc priest.
The orc priest is poisoned.
The orc priest is lightly wounded.
The orc priest invokes the aid of Beogh against you.
Beogh smites you!
Casting: Sting (safe; 12% risk of failure)
Confirm with . or Enter, or press ? or * to list all spells.
Aiming: Sting (safe; 12% risk of failure)
Press: ? - help, Shift-Dir - straight line, f/p - orc priest
Aim: an orc priest, wielding a +0 dagger and wearing a +0 leather armour (lightly wounded, poisoned, haloed, 79% to hit)
The sting hits the orc priest but does no damage.
The orc priest looks even sicker.
The orc priest is lightly wounded.
* * * LOW HITPOINT WARNING * * *
The orc priest invokes the aid of Beogh against you.
Beogh smites you!
* * * LOW HITPOINT WARNING * * *
The kobold throws a stone.
The stone barely misses you.
The orc priest looks encouraged for a moment.
The orc barely misses you.
You feel much better.
The orc priest hits you with a +0 dagger.
The orc completely misses you. The orc attacks as it pursues you!
The orc hits you but does no damage.
The orc priest calls down the wrath of Beogh upon you.
Beogh smites you!
* * * LOW HITPOINT WARNING * * *
You see here a hobgoblin corpse.
The orc priest mumbles some strange prayers to Beogh against you.
Beogh smites you!
You die...

...............##.##...........
................##.##...........
................##..)...........
####............................
# #...........)Ko...#.###+#####
# #.............o.....# #
#############.o...### #
#########.†o..# #
#......†'@....# #
######.#######.....# ###......#
#.....# ....###### ####### #.###
#.# ### ## .># #<# ... ### #.#
.... ##### ####g# g....


You could see an orc priest (poisoned), an orc wizard, 2 orcs and a kobold
(slow).

Vanquished Creatures
  Jessica (D:3)
  An iguana (D:3)
  2 orc wizards (D:3)
  A gnoll (D:3)
  3 adders
  3 dart slugs
  2 orcs (D:3)
  9 bats
  5 endoplasms
  A giant cockroach (D:2)
  2 goblins
  7 hobgoblins
  2 jackals (D:2)
  4 quokkas
  8 ball pythons
  3 frilled lizards
  6 kobolds
  4 rats
64 creatures vanquished.

Notes
Turn   | Place    | Note
-------+----------+-------------------------------------------
     0 | D:1      | oldmanjim the Djinni Monk began the quest for the Orb.
     0 | D:1      | Reached XP level 1. HP: 20/20 MP: 0/0
   110 | D:1      | Reached XP level 2. HP: 20/25 MP: 0/0
   314 | D:1      | Found Okufim's Distillery.
   480 | D:1      | Found a faded altar of an unknown god.
   530 | D:1      | Reached XP level 3. HP: 29/30 MP: 0/0
   530 | D:1      | Learned a level 1 spell: Sting
  1263 | D:2      | Reached XP level 4. HP: 29/35 MP: 0/0
  1265 | D:2      | Reached skill level 1 in Spellcasting
  1265 | D:2      | Reached skill level 1 in Conjurations
  1265 | D:2      | Reached skill level 1 in Hexes
  1265 | D:2      | Reached skill level 1 in Summonings
  1265 | D:2      | Reached skill level 1 in Necromancy
  1265 | D:2      | Reached skill level 1 in Translocations
  1265 | D:2      | Reached skill level 1 in Fire Magic
  1265 | D:2      | Reached skill level 1 in Ice Magic
  1265 | D:2      | Reached skill level 1 in Air Magic
  1265 | D:2      | Reached skill level 1 in Earth Magic
  1265 | D:2      | Reached skill level 1 in Alchemy
  1563 | D:2      | Reached skill level 1 in Short Blades
  1999 | D:1      | Bought a potion of heal wounds for 70 gold pieces
  2095 | D:3      | Noticed Jessica
  2110 | D:3      | Killed Jessica
  2111 | D:3      | Reached XP level 5. HP: 40/41 MP: 0/0
  2111 | D:3      | Learned a level 2 spell: Jinxbite
  2355 | D:3      | Reached XP level 6. HP: 31/47 MP: 0/0
  2357 | D:3      | HP: 1/47 [orc priest/divine providence (13)]
  2365 | D:3      | Killed from afar by an orc priest

Illustrated notes

Levels and vault maps discovered:
D:1:      heliophobic_arrival_battle_scene, layout_loops_corners, serial_shops,
          nicolae_shop_trees, basic_ecumenical_altar
D:2:      layout_basic
D:3:      layout_basic, nicolae_elyvilon_temple_path,
          nicolae_ru_great_annihilating_truth, uniq_jessica

Skill      XL: |  1  2  3  4  5 |
---------------+----------------+-----
Long Blades    | 3 |  3.0
Spellcasting   | 1 |  1.9
Conjurations   | 1 |  1.9
Hexes          | 1 |  1.9
Summonings     | 1 |  1.9
Necromancy     | 1 |  1.9
Translocations | 1 |  1.9
Fire Magic     | 1 |  1.9
Ice Magic      | 1 |  1.9
Air Magic      | 1 |  1.9
Earth Magic    | 1 |  1.9
Alchemy        | 1 |  1.9
Dodging        | 4 |  4.0
Short Blades   | 1 2 |  2.0
Fighting       | 4 |  4.2

Action                     |  1- 3 |  4- 6 || total
---------------------------+-------+-------++-------
  Melee: Falchion          |    44 |       ||    44
         Dagger            |    45 |    65 ||   110
  Throw: Stone             |       |     1 ||     1
   Cast: Sting             |       |    13 ||    13
         Jinxbite          |       |     1 ||     1
    Use: Potion            |       |     1 ||     1
 Armour: Robe              |    42 |    35 ||    77
  Dodge: Dodged            |    62 |    40 ||   102
